 Dungeon Crawl Stone Soup version 0.27-a0-1281-ge233d83751 (webtiles) character file.

Game seed: 17827970611211927090

336 Delamore the Chopper (level 6, -1/51 HPs)
             Began as a Formicid Fighter on June 14, 2021.
             Was a Believer of Uskayaw.
             Killed from afar by Duvessa (8 damage)
             ... with a puff of flame
             ... on level 4 of the Dungeon.
             The game lasted 00:02:43 (3798 turns).

Delamore the Chopper (Formicid Fighter)             Turns: 3798, Time: 00:02:43

Health: -1/51      AC:  8    Str: 22    XL:     6   Next: 84%
Magic:  6/6        EV:  8    Int:  8    God:    Uskayaw [**....]
Gold:   216        SH:  9    Dex: 10    Spells: 5/5 levels left

rFire    . . .     SeeInvis +   a - +0 war axe
rCold    . . .     Faith    .   c - +0 kite shield
rNeg     . . .     Spirit   .   e - +2 ring mail {Will+}
rPois    .         Reflect  .   (helmet unavailable)
rElec    .         Harm     .   i - +0 cloak
rCorr    .         Rampage  .   (no gloves)
Will     +....                  (no boots)
Stlth    ..........             (no amulet)
HPRegen  0.17/turn              l - +4 ring of slaying
MPRegen  0.10/turn              (no ring)

@: no status effects
A: permanent stasis, dig shafts and tunnels, antennae 3, four strong arms
a: Dig, Shaft Self, Renounce Religion, Stomp, Line Pass


You were on level 4 of the Dungeon.
You worshipped Uskayaw.
Uskayaw was noncommittal.
You visited 1 branch of the dungeon, and saw 4 of its levels.

You collected 216 gold pieces.

Inventory:

Hand Weapons
 a - a +0 war axe (weapon)
 k - a +0 whip of electrocution
Missiles
 m - a throwing net
Armour
 c - a +0 kite shield (worn)
 e - a +2 ring mail of willpower (worn)
 i - a +0 cloak (worn)
Jewellery
 l - a +4 ring of slaying (left hand)
Scrolls
 j - a scroll of identify {unknown}
 o - a scroll of fear {unknown}
 p - a scroll of enchant weapon {unknown}
 q - a scroll of torment {unknown}
Potions
 b - 2 potions of curing {unknown}
 d - a potion of might
 f - a potion of attraction {unknown}
 g - 2 potions of haste {unknown}
 h - a potion of heal wounds {unknown}
 n - a potion of degeneration {unknown}


   Skills:
 - Level 5.0 Fighting
 * Level 5.8 Axes
 - Level 3.2 Armour
 - Level 3.6 Shields


You had 5 spell levels left.
You didn't know any spells.
Your spell library was empty.

Dungeon Overview and Level Annotations

Branches:
Dungeon (4/15)
 Temple: D:4-7

Altars:
Elyvilon
Fedhas
Sif Muna
Trog
Uskayaw
Vehumet
Wu Jian

Annotations:
D:4 Dowan, Duvessa


Innate Abilities, Weirdness & Mutations

You cannot be hasted, slowed, berserked, paralysed or teleported.
You can dig through walls and to a lower floor.
You have a pair of large antennae on your head. (SInv)
Your four strong arms can wield two-handed weapons with a shield.


Message History

Duvessa is wielding a +0 short sword and carrying a wand of flame (12).
Duvessa zaps a wand.
The puff of flame hits you.
Natasha stares at you and mumbles some strange words.
The magic dart hits you.
Your shield prevents you from hitting Natasha.
Dowan gestures wildly while chanting.
Dowan blinks!
Natasha claws you.
You slash Natasha!
You kill Natasha!
You feel Natasha's spirit has finally been put to rest.
Duvessa says, "Where magic fails, the sword succeeds!"
Dowan casts a spell at Duvessa.
Duvessa seems to speed up.
Duvessa hits you with a +0 short sword.
You slash Duvessa!
Duvessa is moderately wounded.
Duvessa zaps a wand.
The puff of flame hits you.
Dowan says, "My weaknesses are her strengths!"
Dowan points at you and mumbles some strange words.
The puff of frost hits you!
Duvessa zaps a wand.
The puff of flame hits you!
* * * LOW HITPOINT WARNING * * *
You can now pass through a line of other dancers.
You are too injured to fight recklessly!
You are too injured to fight recklessly!
You are too injured to fight recklessly!
You are too injured to fight recklessly!
You are too injured to fight recklessly!
There are monsters nearby!
There is a stone staircase leading down here.
Things that are here:
a sapphire potion; the felid corpse of Natasha Duvessa zaps a wand.
The puff of flame hits you.
* * * LOW HITPOINT WARNING * * *
Dowan gestures wildly while chanting.
Dowan blinks!
You block Duvessa's attack.
You extend your mandibles.
You dig through the rock wall.
Duvessa says, "Where magic fails, the sword succeeds!"
Duvessa zaps a wand.
The puff of flame hits you!
You die...

#.....# #.. #.....# #.#
#.....# #.# #.....# #.#
#.....# #.# # '.^...#
#.##+##.#
#...(.############.......#
.................e>ยง......
#.....#######.##@#.......#
#.....# #.####...e...#
#.###### #.# #.......#
.......# #.# #.......#
#.####.## #.# #.......#
........#####.# #.......#
..............# #.......#
.....?........# ####.####
..............


You could see Duvessa (fast).

Vanquished Creatures
  2 hounds (D:4)
  Natasha (thrice) (D:4)
  An iguana (D:3)
  An orc wizard (D:3)
  4 adders
  4 gnolls (D:4)
  A worm (D:3)
  A dart slug (D:3)
  5 orcs
  11 ball pythons
  4 bats
  6 endoplasms
  2 giant cockroaches
  4 goblins
  6 hobgoblins
  2 jackals (D:4)
  5 quokkas
  3 frilled lizards
  7 kobolds
  4 rats
76 creatures vanquished.

Notes
Turn   | Place    | Note
-------+----------+-------------------------------------------
     0 | D:1      | Delamore the Formicid Fighter began the quest for the Orb.
     0 | D:1      | Reached XP level 1. HP: 18/18 MP: 1/1
   348 | D:1      | Reached XP level 2. HP: 23/24 MP: 2/2
  1475 | D:2      | Reached XP level 3. HP: 28/30 MP: 3/3
  1497 | D:2      | Found a faded altar of an unknown god.
  1512 | D:2      | Became a worshipper of Uskayaw the Reveller
  1512 | D:2      | Reached * piety under Uskayaw
  1609 | D:2      | Reached ** piety under Uskayaw
  1844 | D:2      | Reached XP level 4. HP: 37/37 MP: 4/4
  1872 | D:2      | Found an ornate altar of the Wu Jian Council.
  2131 | D:3      | Reached *** piety under Uskayaw
  2472 | D:3      | Reached XP level 5. HP: 40/42 MP: 5/5
  2872 | D:3      | Found a radiant altar of Vehumet.
  2875 | D:3      | Found a white marble altar of Elyvilon.
  2901 | D:3      | Found a blossoming altar of Fedhas.
  2933 | D:3      | Found a bloodstained altar of Trog.
  3301 | D:4      | Noticed Natasha
  3302 | D:4      | Found a shimmering blue altar of Sif Muna.
  3322 | D:4      | Reached XP level 6. HP: 33/49 MP: 6/6
  3324 | D:4      | Reached **** piety under Uskayaw
  3405 | D:4      | Reached skill level 5 in Axes
  3459 | D:4      | Killed Natasha
  3582 | D:4      | Reached skill level 5 in Fighting
  3640 | D:4      | Noticed Natasha
  3645 | D:4      | Killed Natasha
  3789 | D:4      | Noticed Natasha
  3791 | D:4      | Noticed Duvessa
  3791 | D:4      | Noticed Dowan
  3793 | D:4      | Killed Natasha
  3798 | D:4      | Killed from afar by Duvessa

Illustrated notes

Levels and vault maps discovered:
D:1:      amcnicky_arrival_flooded_fountain, layout_loops_corners,
          serial_forest, infiniplex_forest_straight_4,
          infiniplex_forest_lined_room_2, infiniplex_forest_lined_ring,
          infiniplex_forest_straight_5, infiniplex_forest_lined_ring,
          infiniplex_forest_lined_room_2, minmay_3d_cube
D:2:      layout_rooms, basic_altar,
          hellmonk_ecumenical_altar_pennies_from_heaven
D:3:      layout_basic, trog_hazing_becter, nicolae_overflow_hidden_temple
D:4:      layout_basic, amcnicky_altar_gilded, uniq_duvessa, uniq_natasha

Skill      XL: |  1  2  3  4  5  6 |
---------------+-------------------+-----
Axes           | 3 4 5 |  5.8
Fighting       | 4 5 |  5.0
Armour         | |  3.2
Shields        | |  3.6

Action                   |  1- 3 |  4- 6 || total
-------------------------+-------+-------++-------
Melee: War axe           |    75 |   103 ||   178
 Abil: Dig               |       |     3 ||     3
  Use: Scroll            |     2 |     1 ||     3
 Stab: Paralysed         |       |     2 ||     2
Armor: Scale mail        |    20 |       ||    20
       Chain mail        |    11 |       ||    11
       Ring mail         |     3 |    28 ||    31
Dodge: Dodged            |    23 |    31 ||    54
Block: Kite shield       |    58 |    62 ||   120

Table legend: (Time is in decaauts)
 A = Elapsed time spent in this place.
 B = Non-inter-level travel time spent in this place.
 C = Inter-level travel time spent in this place.
 D = Time resting spent in this place.
 E = Time spent auto-exploring this place.
 F = Levels seen in this place.
 G = Mean time per level.
                   A        B        C        D        E       F      G
               +--------+--------+--------+--------+--------+-----+--------+
         Total |   3888 |   3710 |    178 |    446 |   2700 |   4 |  972.0 |
       Dungeon |   3888 |   3710 |    178 |    446 |   2700 |   4 |  972.0 |
               +--------+--------+--------+--------+--------+-----+--------+

Top non-repeatable levels by time:
     D:1: 1480 daAuts
     D:3: 1191 daAuts
     D:2: 662 daAuts
     D:4: 554 daAuts
